 Dungeon Sprint DCSS version 0.24-a0-132-ge4b1dce (webtiles) character file.

Game seed: 7298866597079796253

1715 Faca the Sharpshooter (level 8, -8/71 HPs)
             Began as a Centaur Hunter on Feb 27, 2019.
             Was an Elder of the Shining One.
             Mangled by a fire elemental (11 damage)
             ... summoned by a deep elf mage
             ... in the Dungeon (Sprint V: "Ziggurat Sprint").
             The game lasted 00:03:16 (636 turns).

Faca the Sharpshooter (Centaur Hunter)               Turns: 636, Time: 00:03:17

Health: -8/71      AC:  4    Str: 23    XL:     8   Next: 74%
Magic:  8/11       EV: 11    Int: 10    God:    the Shining One [****..]
Gold:   0          SH:  0    Dex: 14    Spells: 7/7 levels left

rFire    . . .     SeeInvis +   x - +9 heavy crossbow "Sniper" {velocity, Acc+∞ SInv}
rCold    + . .     Gourm    .   (shield currently unavailable)
rNeg     + + .     Faith    .   c - +0 leather armour
rPois    .         Spirit   .   (no helmet)
rElec    .         Reflect  .   (no cloak)
rCorr    .         Harm     .   (no gloves)
MR       .....     NoTele   +   (no barding)
Stlth    ..........             (no amulet)
HPRegen  0.21/turn              C - +6 ring of strength
MPRegen  0.12/turn              L - ring "Zyluec" {rC+ Dex+4 Stlth-}

@: glowing, very quick
A: large, hooves 3, deformed body, speed 2, tough skin 3
a: Divine Shield, Cleansing Flame, Renounce Religion


You were in the Dungeon.
You worshipped the Shining One.
The Shining One was greatly pleased with you.
You were not hungry.

You visited 1 branch

Inventory:

Hand Weapons
 a - a +1 hand crossbow
 b - a +0 short sword
 x - the +9 heavy crossbow "Sniper" (weapon) {velocity, Acc+∞ SInv}
   (You found it in the Dungeon)

   Any bolt fired from it inflicts extra damage.
   It lets you see invisible.
 H - a +5 arbalest
 I - a +5 hand crossbow
 J - a +5 triple crossbow
 K - the +8 lance "Wyrmbane" {slay drac, rPois rF+ rC+ AC+3}
   (You found it in the Dungeon)

   It affects your AC (+3).
   It protects you from fire.
   It protects you from cold.
   It protects you from poison.
Missiles
 d - 1016 bolts (quivered)
Armour
 c - a +0 leather armour (worn)
Jewellery
 y - a +6 ring of dexterity
 z - a +6 ring of dexterity
 A - a +6 ring of intelligence
 B - a +6 ring of intelligence
 C - a +6 ring of strength (left hand)
 D - a +6 ring of strength
 L - the ring "Zyluec" (right hand) {rC+ Dex+4 Stlth-}
   (You found it in the Dungeon)

   [ring of attention]

   It affects your dexterity (+4).
   It protects you from cold.
   It makes you less stealthy.
Wands
 E - a wand of disintegration (7)
 F - a wand of iceblast (7)
 G - a wand of acid (7)
Scrolls
 k - 4 scrolls of blinking
 r - 4 scrolls of amnesia
 s - 7 scrolls of fog
 t - a scroll of holy word
 u - 5 scrolls of identify
 v - 5 scrolls of remove curse
 w - 2 scrolls of fear
Potions
 e - 10 potions of curing
 g - 10 potions of heal wounds
 h - 6 potions of haste
 i - 7 potions of magic
 j - 3 potions of berserk rage
 l - 2 potions of brilliance
 m - 2 potions of invisibility
 n - 4 potions of resistance
 p - 5 potions of agility
 q - 5 potions of might
Comestibles
 f - 7 rations
 o - 5 chunks of flesh


   Skills:
 + Level 6.8 Fighting
 + Level 17.8 Crossbows
 - Level 2.3 Armour
 - Level 3.8 Dodging
 - Level 1.1 Stealth
 + Level 4.1 Invocations


You had 7 spell levels left.
You didn't know any spells.
Your spell library was empty.

Dungeon Overview and Level Annotations

Branches:
Dungeon (1/1)

Altars:
Ashenzari
Cheibriados
Dithmenos
Elyvilon
Fedhas
Gozag
Hepliaklqana
Kikubaaqudgha
Makhleb
Nemelex Xobeh
Okawaru
Qazlal
Ru
Sif Muna
Trog
Uskayaw
Vehumet
Wu Jian
Xom
Yredelemnul
Zin
The Shining One
Beogh
Jiyva
Lugonu

Annotations:
D 1 transporter


Innate Abilities, Weirdness & Mutations

You have hooves in place of feet.
Armour fits poorly on your strangely shaped body.
You cover ground very quickly.
You have extremely tough skin. (AC +3)


Message History

The deep elf mage mumbles some strange words.
The fire elemental hits you. The fire elemental burns you!
The fire elemental hits you. The fire elemental burns you!
Firing (i - inventory)
d - 1017 bolts (quivered)
Press: ? - help, Shift-Dir - straight line, f/p - deep elf mage
Aim: a deep elf mage, wielding a +0 long sword and wearing a +0 chain mail (almost dead, haloed)
You shoot a bolt. The bolt hits the deep elf mage!!
You kill the deep elf mage!
Your Fighting skill increases to level 6!
Your Invocations skill gained 4 levels and is now at level 4!
The fire elemental hits you. The fire elemental burns you!
The water elemental hits you.
The deep elf archer unwields a +0 dagger.
The deep elf archer wields a +0 shortbow.
The deep elf archer shoots an arrow.
The arrow hits you!!
* * * LOW HITPOINT WARNING * * *
The fire elemental hits you.
* * * LOW HITPOINT WARNING * * *
The fire elemental burns you!
You die...

▓..©†.▓..©..▓▓▓▓▓▓▓
▓▓▓▓▓▓▓▓▓▓▓▓▓▓▓▓▓▓▓
▓..8©8...▓..8©8...▓
▓..|)[...▓..}"[...▓
▓...}....▓..).)...▓
▓........▓...e.°..▓
▓........▓..§eE°..▓
▓...)....▓.▓E(Ee▓.▓
▓...©....▓..(@E...▓
▓▓▓▓▓▓▓▓▓▓▓▓▓▓▓▓▓▓▓


You could see a deep elf archer, a water elemental, 2 deep elf magi and 3 fire
elementals.

Vanquished Creatures
  A deep elf mage (D)
  2 jumping spiders (D)
  A tarantella (D)
  A spriggan (D)
  2 black bears (D)
  A phantom (D)
  A wolf (D)
  4 scorpions (D)
  A jackal zombie (D)
14 creatures vanquished.

Vanquished Creatures (others)
  A spatial maelstrom (D)
1 creature vanquished.

Grand Total: 15 creatures vanquished

Notes
Turn   | Place    | Note
-------+----------+-------------------------------------------
     0 | D        | Found the +6 Majin-Bo {vamp, Archmagi MP+6 Int+6}
     0 | D        | Found the +7 great mace "Firestarter" {inner flame, rF++}
     0 | D        | Faca the Centaur Hunter began the quest for the Orb.
     0 | D        | Reached XP level 1. HP: 17/17 MP: 1/1
     0 | D        | Found a deep blue altar of Sif Muna.
     0 | D        | Found a sacrificial altar of Ru.
     0 | D        | Found a bloodstained altar of Trog.
     0 | D        | Found a stormy altar of Qazlal.
     0 | D        | Found an iron altar of Okawaru.
     0 | D        | Found a sparkling altar of Nemelex Xobeh.
     0 | D        | Found a blossoming altar of Fedhas.
     2 | D        | Found a transporter.
     2 | D        | Found an ancient bone altar of Kikubaaqudgha.
     2 | D        | Found a viscous altar of Jiyva.
     2 | D        | Found a corrupted altar of Lugonu.
     2 | D        | Found a hazy altar of Hepliaklqana.
     2 | D        | Found a burning altar of Makhleb.
     2 | D        | Found an opulent altar of Gozag.
    11 | D        | Found the +9 heavy crossbow "Sniper" {velocity, Acc+∞ SInv}
    11 | D        | Found the +10 dark maul {crush}
    11 | D        | Found the +15 Maxwell's patent armour {-Cast -Tele rElec
                  | MR+ rCorr}
    11 | D        | Found the +18 shield of the Gong {rElec rN+ MR+ EV-5}
    11 | D        | Found the cursed +14 obsidian axe {chop, +Fly SInv *Curse}
    11 | D        | Banished a spatial maelstrom
    37 | D        | Became a worshipper of the Shining One
    50 | D        | Found the +6 shillelagh "Devastator" {shatter}
    50 | D        | Found the +11 plutonium sword {*Contam Stlth-}
    50 | D        | Found the +8 lance "Wyrmbane" {slay drac, rPois rF+ rC+
                  | AC+3}
    50 | D        | Found the +9 sword of Zonguldrok {reap}
    50 | D        | Found the cursed +13 scythe of Curses {drain, *Curse}
    50 | D        | Found the +0 sword of Power
    50 | D        | Found the +7 mace of Variability {chain chaos}
    50 | D        | Found the +7 Singing Sword {slice, sonic wave}
    50 | D        | Found the +7 longbow "Piercer" {penet, EV-2}
    55 | D        | Reached skill level 9 in Crossbows
    55 | D        | Reached XP level 2. HP: 24/24 MP: 2/2
    58 | D        | Entered arena 2.
    58 | D        | Noticed a phantom
    58 | D        | Reached * piety under the Shining One
    58 | D        | Found a transporter.
    61 | D        | Killed a phantom
    61 | D        | Reached skill level 11 in Crossbows
    61 | D        | Reached XP level 3. HP: 30/30 MP: 3/3
    61 | D        | Reached XP level 4. HP: 37/37 MP: 4/4
    71 | D        | Entered arena 3.
    71 | D        | Reached ** piety under the Shining One
    71 | D        | Found a transporter.
    73 | D        | Reached skill level 12 in Crossbows
    73 | D        | Reached XP level 5. HP: 44/44 MP: 5/5
    75 | D        | Reached skill level 13 in Crossbows
   237 | D        | Entered arena 4.
   237 | D        | Noticed a jumping spider
   237 | D        | Noticed a tarantella
   237 | D        | Noticed a jumping spider
   237 | D        | Reached *** piety under the Shining One
   237 | D        | Found a transporter.
   238 | D        | Killed a tarantella
   238 | D        | Reached skill level 14 in Crossbows
   238 | D        | Reached XP level 6. HP: 52/52 MP: 6/6
   241 | D        | Killed a jumping spider
   241 | D        | Reached skill level 15 in Crossbows
   241 | D        | Reached skill level 1 in Armour
   241 | D        | Reached XP level 7. HP: 23/60 MP: 7/7
   242 | D        | Killed a jumping spider
   242 | D        | Reached skill level 16 in Crossbows
   242 | D        | Reached skill level 1 in Stealth
   437 | D        | Got the ring "Zyluec" {rC+ Dex+4 Stlth-}
   441 | D        | Entered arena 5.
   441 | D        | Noticed a spriggan
   441 | D        | Found a transporter.
   443 | D        | Killed a spriggan
   443 | D        | Reached skill level 5 in Fighting
   443 | D        | Reached XP level 8. HP: 68/68 MP: 8/8
   445 | D        | Reached skill level 17 in Crossbows
   633 | D        | Entered arena 6.
   633 | D        | Noticed a deep elf archer
   633 | D        | Noticed a deep elf mage
   633 | D        | Reached **** piety under the Shining One
   633 | D        | Noticed a deep elf mage
   633 | D        | Noticed a deep elf mage
   633 | D        | Found a transporter.
   636 | D        | Killed a deep elf mage
   636 | D        | HP: 3/71 [fire elemental[a deep elf mage] (1)]
   636 | D        | Mangled by a fire elemental

Levels and vault maps discovered:
D:        sprint_v [room_start, room_1, room_2, room_3, room_4, room_5, room_6,
          room_7, room_8, room_9, room_10, room_11, room_12, room_13, room_14,
          room_15, room_16, room_17, room_18, room_19, room_20, room_21,
          room_22, room_23, room_24, room_25, room_26, room_27]

Skill      XL: |  1  2  3  4  5  6  7  8 |
---------------+-------------------------+-----
Crossbows      | 9 11 12 14 15 16 17 | 17.8
Dodging        | 2 3 |  3.8
Fighting       | 3 4 5 6 |  6.8
Armour         | 1 2 |  2.3
Stealth        | 1 |  1.1
Invocations    | 4 |  4.1

Action                   |  1- 3 |  4- 6 |  7- 9 || total
-------------------------+-------+-------+-------++-------
 Fire: Heavy crossbow    |     3 |     8 |    11 ||    22
  Use: Potion            |     1 |       |       ||     1
Armor: Leather armour    |       |       |    13 ||    13
Dodge: Dodged            |     2 |     6 |    24 ||    32

Table legend:
 A = Non-vault XP
 B = Vault XP
 C = Vault XP percentage of total XP
 D = Non-vault monster count
 E = Vault monster count
 F = Vault count percentage of total count
                 A         B        C        D         E       F
            +---------+---------+-------+---------+---------+-------
      Total |       0 |    2438 | 100.0 |       0 |      14 | 100.0
            +---------+---------+-------+---------+---------+-------
          D |       0 |    2438 | 100.0 |       0 |      14 | 100.0
            +---------+---------+-------+---------+---------+-------
